 Dungeon Crawl Stone Soup version 0.31.0-12-g77e489cdc1 (webtiles) character file.

Game seed: 14817403874036249970

58 chippings the Grasshopper (level 3, 0/30 HPs)
             Began as a Draconian Wanderer on Mar 7, 2024.
             Slain by a gnoll
             ... wielding a +0 club
              (2 damage)
             ... on level 3 of the Dungeon.
             The game lasted 00:03:16 (842 turns).

chippings the Grasshopper (Draconian Wanderer)       Turns: 842, Time: 00:03:17

Health: 0/30       AC:  6    Str: 16    XL:     3   Next: 75%
Magic:  6/6        EV: 11    Int: 12    God:
Gold:   69         SH:  0    Dex: 10    Spells: 3/6 levels left

rFire   . . .        a - +0 hand axe
rCold   . . .        (no shield)
rNeg    . . .        (body armour unavailable)
rPois   .            (helmet restricted)
rElec   .            (no cloak)
rCorr   .            b - +0 pair of gloves
SInv    .            (no boots)
Will    .....        (no amulet)
Stlth   ++           (no ring)
HPRegen 0.25/turn    (no ring)
MPRegen 0.10/turn

%: no passive effects
@: no status effects
A: AC +5, unfitting armour, cold-blooded
a: no special abilities


You were on level 3 of the Dungeon.
You visited 1 branch of the dungeon, and saw 3 of its levels.

You collected 69 gold pieces.

Inventory:

Hand Weapons
 a - a +0 hand axe (weapon)
Missiles
 g - 5 atropa-tipped darts
Armour
 b - a +0 pair of gloves (worn)
Talismans
 e - a beast talisman
Scrolls
 f - a scroll of teleportation {unknown}
 h - a scroll of revelation {unknown}
Potions
 c - 2 potions of curing
 d - 2 potions of enlightenment {unknown}


   Skills:
 + Level 2.5 Fighting
 + Level 2.9 Axes
 - Level 1.7 Stealth
 - Level 2.0 Spellcasting
 - Level 4.0 Translocations


You had 3 spell levels left.
You knew the following spells:

 Your Spells              Type           Power      Damage    Failure   Level
a - Apportation           Tloc           20%        N/A       5%          1
b - Blink                 Tloc           20%        N/A       8%          2

Your spell library contained the following spells:

 Spells                   Type           Power      Damage    Failure   Level
 Kiss of Death            Conj/Necr      4%         2d5       26%         1
 Slow                     Hex            4%         N/A       26%         1
 Confusing Touch          Hex            1%         N/A       63%         3
 Sigil of Binding         Hex            1%         N/A       63%         3
 Vampiric Draining        Necr           1%         2d6       63%         3
 Iskenderun's Mystic Bla  Conj/Tloc      6%         2d4       75%         4
 Dispel Undead            Necr           1%         3d6       95%         4


Dungeon Overview and Level Annotations

Branches:
Dungeon (2/15)

Altars:


Innate Abilities, Weirdness & Mutations

Your plain brown scales are hard. (AC +5)
You cannot fit into any form of body armour.
You are cold-blooded and may be slowed by cold attacks.


Message History

You kill the frilled lizard!
You open the door.
There is an open door here.
Okay, then.
A gnoll comes into view. It is wielding a +0 halberd.
You see here a scroll labelled ORACUUV ATHY.
h - a scroll labelled ORACUUV ATHY
There are no items here.
A gnoll comes into view. It is wielding a +0 spear.
A gnoll comes into view. It is wielding a +0 flail.
The gnoll shouts!
A gnoll comes into view. It is wielding a +0 club.
Found a stone staircase leading down.
The gnoll shouts! x2
The gnoll shouts!
Okay, then.
Okay, then.
There is an open door here.
The gnoll barely misses you. The gnoll hits you but does no damage.
The gnoll closely misses you.
The gnoll shouts!
You slash the gnoll!
The gnoll is heavily wounded.
The gnoll barely misses you. The gnoll hits you but does no damage.
The gnoll hits you with a +0 halberd!
You barely miss the gnoll. x2; The gnoll hits you with a +0 spear.
You hit the gnoll but do no damage. You barely miss the gnoll.
You hit the gnoll. The gnoll barely misses you.
The gnoll hits you with a +0 halberd! The gnoll hits you but does no damage.
You barely miss the gnoll. x2; You hit the gnoll but do no damage.
The gnoll barely misses you. The gnoll closely misses you.
The gnoll hits you with a +0 club.
* * * LOW HITPOINT WARNING * * *
The gnoll hits you with a +0 spear.
* * * LOW HITPOINT WARNING * * *
Unknown command.
You completely miss the gnoll. You hit the gnoll.
You hit the gnoll but do no damage. The gnoll closely misses you.
The gnoll hits you with a +0 club.
You die...

.###########..'..........#
..............#..........#
..............#..........#
..............#..........#
..............#............
..............#.........####
..............####........
..............# #########
..........g@g.#
############g## #.# #.# #.#
#.# #.##### #.....# #####.#


You could see 3 gnolls.

Vanquished Creatures
  3 adders (D:2)
  A dart slug (D:1)
  A ribbon worm (D:2)
  3 ball pythons
  2 endoplasms (D:3)
  A giant cockroach (D:1)
  3 goblins (D:1)
  3 jackals (D:1)
  A quokka (D:1)
  2 bats (D:1)
  2 frilled lizards
  2 kobolds (D:1)
  4 rats
28 creatures vanquished.

Notes
Turn   | Place    | Note
-------+----------+-------------------------------------------
     0 | D:1      | chippings the Draconian Wanderer began the quest for the
                  | Orb.
     0 | D:1      | chippings set off with the following items: a +0 hand axe,
                  | a +0 pair of gloves, a potion of curing; and the following
                  | spell memorised: Apportation; and the following spells
                  | available to memorise: Blink, Iskenderun's Mystic Blast.
     0 | D:1      | Reached XP level 1. HP: 16/16 MP: 2/2
     2 | D:1      | Noticed a tengu
     4 | D:1      | Noticed a merfolk
     4 | D:1      | Noticed a naga
     6 | D:1      | Noticed a minotaur
     6 | D:1      | Noticed a draconian
     8 | D:1      | Noticed a troll
     8 | D:1      | Noticed an armataur
    10 | D:1      | Noticed a formicid
    10 | D:1      | Noticed a demigod
    12 | D:1      | Noticed a gargoyle
    12 | D:1      | Noticed a djinni
    14 | D:1      | Noticed a spriggan
    16 | D:1      | Noticed an oni
    16 | D:1      | Noticed a barachi
    18 | D:1      | Noticed a demonspawn
    18 | D:1      | Noticed an elf
    20 | D:1      | Noticed a felid
    20 | D:1      | Noticed a human
    22 | D:1      | Noticed a ghoul
    22 | D:1      | Noticed an octopode
    24 | D:1      | Noticed a vampire
    26 | D:1      | Noticed a vine stalker
    39 | D:1      | Found a faded altar of an unknown god.
   204 | D:1      | Reached XP level 2. HP: 22/23 MP: 3/3
   475 | D:2      | Reached XP level 3. HP: 24/29 MP: 5/5
   646 | D:2      | You fall into a shaft and drop 1 floor!
   689 | D:3      | Learned a level 2 spell: Blink
   842 | D:3      | Slain by a gnoll

Illustrated notes

Levels and vault maps discovered:
D:1:      kb_arrival_jail, layout_rooms, basic_ecumenical_altar
D:2:      layout_basic
D:3:      layout_basic

Skill      XL: |  1  2  3 |
---------------+----------+-----
Fighting       | 2 |  2.5
Spellcasting   | 2 |  2.0
Axes           | |  2.9
Stealth        | |  1.7
Translocations | |  4.0

Action                     || total
---------------------------++-------
  Melee: Hand axe          ||    77
         Tailslap          ||    10
         Punch             ||     1
   Stab: Sleeping          ||     3
 Armour: Skin              ||    42
  Dodge: Dodged            ||    60
         Form:             ||     1
         Beast             ||     1
